 Dungeon Crawl Stone Soup version 0.21-a0-513-gdcb3f5e (webtiles) character file.

3490 Gerstahl the Covered (level 9, 0/72 HPs)
             Began as a Demonspawn Wanderer on Dec 3, 2017.
             Was a Follower of Ashenzari.
             Slain by a wolf (10 damage)
             ... led by Grum
             ... on level 9 of the Dungeon.
             The game lasted 00:27:39 (7509 turns).

Gerstahl the Covered (Demonspawn Wanderer)          Turns: 7509, Time: 00:27:43

Health: 0/72       AC:  6    Str: 13 (15) XL:     9   Next: 80%
Magic:  22/22      EV: 12    Int: 14 (16) God:    Ashenzari [*.....]
Gold:   81         SH:  0    Dex: 14 (16) Spells: 8/8 levels left

rFire    + . .     SeeInvis +   k - +4 mace (curse)
rCold    . . .     Gourm    .   (no shield)
rNeg     . . .     Faith    .   e - +1 leather armour "Vuxulat" {Regen+ Int+3 Dex+2} (curse)
rPois    .         Spirit   .   v - +0 helmet
rElec    .         Reflect  .   s - scarf {repulsion}
rCorr    .         Harm     .   (no gloves)
MR       .....                  (no boots)
Stlth    +.........             (no amulet)
HPRegen  0.62/turn              h - ring of see invisible
MPRegen  0.18/turn              H - ring of magical power

@: confused, drained, repel missiles
A: talons 1, repulsion field 1, demonic guardian 1, fire resistance 1, flame
cloud immunity
a: Curse Item, Scrying, Renounce Religion


You were on level 9 of the Dungeon.
You worshipped Ashenzari.
Ashenzari was aware of your devotion.
You were not hungry.

You visited 2 branches of the dungeon, and saw 10 of its levels.
You also visited: Ossuary.

You collected 317 gold pieces.
You spent 236 gold pieces at shops.

Inventory:

Hand Weapons
 b - a +2 blowgun
 c - a +0 mace
 k - a cursed +4 mace (weapon)
 q - a cursed +3 arbalest of freezing
Missiles
 a - 2 curare-tipped needles
 n - 29 poisoned needles
Armour
 d - a +0 ring mail
 e - the cursed +1 leather armour "Vuxulat" (worn) {Regen+ Int+3 Dex+2}
   (You bought it in a shop on level 6 of the Dungeon)

   It affects your intelligence (+3).
   It affects your dexterity (+2).
   It increases your rate of regeneration.
   It has a curse placed upon it.
 j - a +2 scale mail of poison resistance
 s - a scarf of repulsion (worn)
 v - a +0 helmet (worn)
 N - the +0 troll leather armour of Mezcal {rF+ MR+ Regen+}
   (You found it on level 8 of the Dungeon)

   It protects you from fire.
   It affects your resistance to hostile enchantments.
   It increases your rate of regeneration.
Magical Staves
 y - an uncursed staff of wizardry
Jewellery
 h - a ring of see invisible (left hand)
 H - a ring of magical power (right hand)
Wands
 p - a wand of paralysis (3)
 r - a wand of flame (13)
 A - a wand of random effects (34)
 D - a wand of acid (6)
Scrolls
 g - 4 scrolls of teleportation
 i - 8 scrolls of remove curse
 m - 6 scrolls of identify
 o - 3 scrolls of amnesia
 I - a scroll of enchant weapon
 L - a scroll of fear
Potions
 l - a potion of degeneration
 u - a potion of agility {unknown}
 z - a potion of ambrosia
 B - a potion of mutation {unknown}
 C - a potion of magic {unknown}
 E - a potion of resistance {unknown}
 F - a potion of heal wounds {unknown}
 J - a potion of brilliance {unknown}
 K - a potion of might {unknown}
Books
 x - a book of Necromancy

   Spells                             Type                      Level
   a - Pain                           Necromancy                   1
   b - Animate Skeleton               Necromancy                   1
   c - Vampiric Draining              Necromancy                   3
   d - Regeneration                   Charms/Necromancy            3
   e - Animate Dead                   Necromancy                   4
   f - Control Undead                 Necromancy                   4
Comestibles
 f - 4 bread rations
 t - 4 meat rations
 w - 2 royal jellies
 G - 7 fruits
 M - a chunk of flesh


   Skills:
 + Level 7.3(6.4) Fighting
   Level 1.0(3.3) Axes
 + Level 6.5(5.7) Maces & Flails
 - Level 1.0(0.2) Throwing
 + Level 7.5(6.5) Armour
 - Level 1.0(0.2) Stealth
 + Level 6.5(5.6) Evocations


You had 8 spell levels left.
You didn't know any spells.

Dungeon Overview and Level Annotations

Branches:
Dungeon (9/15)             Temple (1/1) D:6
   Lair: D:8-11         Orc: D:9-12

Altars:
Ashenzari
Cheibriados
Dithmenos
Elyvilon
Fedhas
Gozag
Hepliaklqana
Kikubaaqudgha
Makhleb
Okawaru
Qazlal
Ru
Sif Muna
Trog
Uskayaw
Vehumet
Wu Jian
Xom
Zin
The Shining One

Shops:
D:5 :   D:6 [   D:7 :

Annotations:
D:9 Grum


Innate Abilities, Weirdness & Mutations

You have sharp toenails.
You are surrounded by a mild repulsion field. (EV +2)
A weak demonic guardian rushes to your aid.
Your flesh is heat resistant. (rF+)
You are immune to clouds of flame.


Message History

* * * LOW HITPOINT WARNING * * *
The wolf closely misses you. The wolf bites you.
* * * LOW HITPOINT WARNING * * *
The wolf bites your shadow imp! The wolf completely misses you.
Your shadow imp misses the wolf.
The wolf barely misses your shadow imp. The wolf bites your shadow imp!
Your shadow imp dies!
The wolf closely misses you.
It was a potion of degeneration.
There was something very wrong with that liquid.
You feel weakened.
You feel dopey.
You feel clumsy. The wolf bites you.
* * * LOW HITPOINT WARNING * * *
It was a potion of ambrosia.
You are confused.
You feel invigorated.
The wolf howls!
The wolf bites you but does no damage. The wolf barely misses you.
The wolf bites you!
You die...

#.# #....
#.######+##....
#.h............
#.h............
#####..............
#..................
#..................
#.hh..............รท
#.@................
#..................
#................##
#...........######
#...........#
#############


You could see 4 wolves.

Vanquished Creatures
  An unseen horror (D:8)
  A hippogriff (D:7)
  A wyvern (D:9)
  A hungry ghost (D:7)
  Duvessa (D:6)
  3 sky beasts
  A black bear (D:7)
  An ogre (D:7)
  2 phantoms
  2 centaurs
  2 bullfrogs
  Dowan (D:6)
  4 water moccasin zombies (Ossuary)
  A scorpion (D:4)
  The ghost of Kilingo the Charmwright, a weakling GnSk (D:3)
  A wight (D:8)
  2 howler monkeys
  4 crimson imps
  2 hounds (D:4)
  An orc priest (D:8)
  A centaur skeleton (D:7)
  4 orc wizards
  Jessica (D:2)
  2 iguanas
  Ijyb (D:3)
  4 worker ants
  A killer bee zombie (D:5)
  3 big kobold zombies (Ossuary)
  2 mummies (Ossuary)
  A worker ant zombie (D:5)
  6 adders
  A shadow imp (D:6)
  2 oozes
  2 adder skeletons
  8 adder zombies
  A worm (D:6)
  5 dart slugs
  2 leopard geckos
  17 orcs
  3 giant cockroaches
  8 goblins
  5 hobgoblins
  8 jackals
  3 kobolds
  2 quokkas
  A ball python (D:2)
  8 bats
  3 frilled lizards
  2 gnoll zombies
  2 hobgoblin zombies (Ossuary)
  5 kobold zombies
  3 orc zombies (Ossuary)
  7 rats
157 creatures vanquished.

Vanquished Creatures (collateral kills)
  An ogre (D:8)
  A bullfrog (D:8)
  A wight (D:8)
  A crimson imp (D:7)
  An orc priest (D:8)
  An orc (D:8)
6 creatures vanquished.

Grand Total: 163 creatures vanquished

Notes
Turn   | Place    | Note
-------+----------+-------------------------------------------
     0 | D:1      | Gerstahl the Demonspawn Wanderer began the quest for the Orb.
     0 | D:1      | Gerstahl set off with: 2 curare-tipped needles, a +2 blowgun, a +0 mace, a +0 ring mail, a bread ration
     0 | D:1      | Reached XP level 1. HP: 16/16 MP: 1/1
   236 | D:1      | Gained mutation: Your flesh is heat resistant. (rF+) [demonic ancestry]
   236 | D:1      | Reached XP level 2. HP: 15/22 MP: 2/2
   897 | D:2      | Reached XP level 3. HP: 28/28 MP: 3/3
   908 | D:2      | Noticed Jessica
   915 | D:2      | Killed Jessica
   928 | D:2      | Gained mutation: You have sharp toenails. [demonic ancestry]
   928 | D:2      | Reached XP level 4. HP: 23/34 MP: 4/4
  1302 | D:3      | Noticed Kilingo's ghost (weakling GnSk)
  1473 | D:3      | Killed Kilingo's ghost
  1715 | D:3      | Noticed Ijyb
  1732 | D:3      | Killed Ijyb
  1732 | D:3      | Reached skill level 1 in Evocations
  1732 | D:3      | Reached XP level 5. HP: 33/41 MP: 5/5
  2248 | D:3      | Found a sacrificial altar of Ru.
  2736 | D:4      | Gained mutation: You are surrounded by a mild repulsion field. (EV +2) [demonic ancestry]
  2736 | D:4      | Reached XP level 6. HP: 18/48 MP: 7/7
  2919 | D:4      | Found a sand-covered staircase.
  2929 | Ossuary  | Entered an ossuary
  3102 | Ossuary  | Reached skill level 5 in Armour
  3169 | Ossuary  | Gained mutation: You are immune to clouds of flame. [demonic ancestry]
  3169 | Ossuary  | Reached XP level 7. HP: 35/54 MP: 7/9
  3713 | D:4      | Found a shattered altar of Ashenzari.
  3847 | D:4      | Became a worshipper of Ashenzari the Shackled
  3864 | D:5      | Entered Level 5 of the Dungeon
  4253 | D:5      | Found a stormy altar of Qazlal.
  4422 | D:5      | Found a glowing golden altar of the Shining One.
  4425 | D:5      | Reached skill level 5 in Fighting
  4637 | D:5      | Reached XP level 8. HP: 61/62 MP: 10/10
  4711 | D:5      | Found a white marble altar of Elyvilon.
  4714 | D:5      | Found Wemueteh's Book Boutique.
  5063 | D:6      | Found a staircase to the Ecumenical Temple.
  5102 | D:6      | Noticed Duvessa
  5107 | Temple   | Entered the Ecumenical Temple
  5230 | D:6      | Noticed Dowan
  5249 | D:6      | Killed Duvessa
  5256 | D:6      | Killed Dowan
  5397 | D:6      | Found Aliuxa Waic's Armour Boutique.
  5416 | D:6      | Bought the cursed +1 leather armour "Vuxulat" {Regen+ Int+3 Dex+2} for 236 gold pieces
  5495 | D:6      | Reached skill level 5 in Maces & Flails
  5832 | D:7      | Noticed a hippogriff
  5839 | D:7      | Killed a hippogriff
  5839 | D:7      | Reached skill level 5 in Evocations
  5938 | D:7      | Reached * piety under Ashenzari
  5967 | D:7      | Gained mutation: A weak demonic guardian rushes to your aid. [demonic ancestry]
  5967 | D:7      | Reached XP level 9. HP: 62/69 MP: 12/12
  6032 | D:7      | Found Ereebluo's Book Emporium.
  6369 | D:7      | Identified a scroll of acquirement
  6488 | D:8      | Noticed an unseen horror
  6500 | D:8      | Killed an unseen horror
  6543 | D:8      | Identified the +7 dagger "Zuoh" {pain, rC+ MR+ Stlth+}
  6545 | D:8      | Identified the +0 troll leather armour of Mezcal {rF+ MR+ Regen+}
  6572 | D:8      | Found an iron altar of Okawaru.
  7230 | D:8      | Noticed a two-headed ogre
  7458 | D:9      | Noticed Grum
  7509 | D:9      | Slain by a wolf

Vault maps used:
D:1:      dpeg_arrival_subterranean_lakeside_camping
D:2:      first_bread, wad_woods_river_04, uniq_jessica
D:3:      nicolae_ru_the_path_less_chosen, serial_bayou_pond_e, uniq_ijyb
D:4:      nicolae_overflow_crystal_walls, enter_ossuary_3,
          kennysheep_generic_room_4
D:5:      kennysheep_mini, nicolae_qazlal_general_emergency, serial_shops, shop,
          basic_altar, kennysheep_boxes
D:6:      minmay_temple_entry_glass, serial_shops, kennysheep_mini_moat,
          uniq_duvessa
D:7:      serial_shops, shop
D:8:      nicolae_overflow_hidden_temple, amethyst_overflow_temple_binary,
          blue_anna_alchemist, minmay_misc_feat_tiny, minmay_misc_feat_doors
D:9:      kennysheep_ambush_hall, minmay_lair_entry_lava, uniq_grum,
          uniq_maurice
Temple:   regret_index_temple_waves
Ossuary:  ossuary_tomb_2

Skill      XL: |  1  2  3  4  5  6  7  8  9 |
---------------+----------------------------+-----
Maces & Flails | 2 3 4 5 6 |  6.5
Armour         | 4 5 6 7 |  7.5
Fighting       | 3 4 5 6 7 |  7.3
Evocations     | 1 2 3 5 6 |  6.5
Axes           | |  1.0
Throwing       | |  1.0
Stealth        | |  1.0

Action                   |  1- 3 |  4- 6 |  7- 9 || total
-------------------------+-------+-------+-------++-------
Melee: Mace              |    92 |   173 |   429 ||   694
       Kick              |       |    47 |   131 ||   178
Invok: Curse Item        |       |       |     1 ||     1
Evoke: Wand              |       |       |     3 ||     3
  Use: Potion            |       |     2 |     6 ||     8
       Scroll            |       |       |    11 ||    11
 Stab: Sleeping          |       |       |     2 ||     2
       Distracted        |       |       |     1 ||     1
  Eat: Chunk             |       |     2 |     7 ||     9
       Meat ration       |       |     1 |       ||     1
       Royal jelly       |       |       |     4 ||     4
       Fruit             |       |       |     1 ||     1
Armor: Ring mail         |    38 |       |       ||    38
       Scale mail        |    20 |    83 |    75 ||   178
       Leather armour    |       |       |    63 ||    63
Dodge: Dodged            |    59 |   109 |   278 ||   446
       Deflected         |       |       |     2 ||     2

Table legend:
 A = Spawn XP
 B = Non-spawn XP
 C = Spawn XP percentage of total XP
 D = Spawn monster count
 E = Non-spawn monster count
 F = Spawn count percentage of total count
 G = Total turns spent on level
                    A         B        C        D         E        F      G
               +---------+---------+-------+---------+---------+-------+---------
         Total |       0 |    4986 |   0.0 |       0 |     162 |   0.0 |  7509
               +---------+---------+-------+---------+---------+-------+---------
           D:1 |       0 |      35 |   0.0 |       0 |      20 |   0.0 |   887
           D:2 |       0 |      70 |   0.0 |       0 |      13 |   0.0 |   356
           D:3 |       0 |     129 |   0.0 |       0 |      11 |   0.0 |  1296
           D:4 |       0 |     248 |   0.0 |       0 |      10 |   0.0 |   873
           D:5 |       0 |     543 |   0.0 |       0 |      16 |   0.0 |  1123
           D:6 |       0 |     721 |   0.0 |       0 |      16 |   0.0 |   657
           D:7 |       0 |    1155 |   0.0 |       0 |      23 |   0.0 |   972
           D:8 |       0 |    1417 |   0.0 |       0 |      26 |   0.0 |   499
           D:9 |       0 |     216 |   0.0 |       0 |       2 |   0.0 |   277
       Ossuary |       0 |     452 |   0.0 |       0 |      25 |   0.0 |   452
               +---------+---------+-------+---------+---------+-------+---------
